cohdb
Replays
Latest Replays
All Replays
Popular Replays
Top Player Replays
Match Explorer
How It Works
Community
CoH3 Stats
Reddit
Sign in to upload your games and track your stats! →
Sign in with Steam
Match 47047057
Unlisted
Match 47047057
Overview
Messages
Build Orders
End
Construct Barracks
Riflemen Squad
Riflemen Squad
Riflemen Squad
Grenade Package
Infantry Support Center
Riflemen Squad
Selects Advanced Infantry Battlegroup
Selects Advanced Infantry Battlegroup
Selects Convert to Ranger Squad
Selects Frontline Medical Station
Frontline Medical Station
Construct Motor Pool
Riflemen Squad
M1918 Browning Automatic Rifles
Selects Infantry Assault
Infantry Assault
Advanced Logistics
Riflemen Squad
Infantry Assault
Riflemen Squad
The101stAirBorne ITA
Capibimbambombolilalone ITA
FLOKL
MatioS
Zbirga
ImNotProPlayerr
0
0
Comments
sign in to comment!
No comments posted yet!